 Dungeon Crawl Stone Soup version 0.29-a0-270-g1586fc07ea (webtiles) character file.

Game seed: 9329374198239892135

263 Crownlay the Firebug (level 6, 0/45 HPs)
             Began as a Hill Orc Fire Elementalist on Mar 7, 2022.
             Was an Initiate of Ashenzari.
             Succumbed to a killer bee's poison
             ... on level 4 of the Dungeon.
             The game lasted 00:07:28 (3559 turns).

Crownlay the Firebug (Hill Orc Fire Elementalist)   Turns: 3559, Time: 00:07:29

Health: 0/45       AC:  5    Str: 14    XL:     6   Next: 19%
Magic:  8/10       EV: 12    Int: 17    God:    Ashenzari [......]
Gold:   137        SH:  0    Dex: 11    Spells: 7/10 levels left

rFire   . . .      SeeInvis .   l - +3 whip (freeze)
rCold   . . .      Faith    .   (no shield)
rNeg    + . .      Spirit   .   m - +2 robe "Jyxewn" {rN+ Str+3}
rPois   .          Reflect  .   (no helmet)
rElec   .          Harm     .   (no cloak)
rCorr   .          Rampage  .   (no gloves)
Will    .....                   g - +0 pair of boots of the Wild Blue Yonder {Melee, Fort} (curse)
Stlth   ++........              (no amulet)
HPRegen 0.15/turn               (no ring)
MPRegen 0.12/turn               (no ring)

@: lethally poisoned (0 -> -18)
A: no striking features
a: Renounce Religion, Shatter the Chains


You were on level 4 of the Dungeon.
You worshipped Ashenzari.
Ashenzari was noncommittal.
You visited 1 branch of the dungeon, and saw 4 of its levels.

You collected 137 gold pieces.

Inventory:

Hand Weapons
 l - a +3 whip of freezing (weapon)
Armour
 g - the cursed +0 pair of boots of the Wild Blue Yonder (worn) {Melee, Fort}
   (You found it on level 1 of the Dungeon)

   It has a curse which improves the following skills: Melee Combat: Short
   Blades, Long Blades, Axes, Maces & Flails, Polearms, Staves and Unarmed
   Combat.
   Fortitude: Armour and Shields.
 m - the +2 robe "Jyxewn" (worn) {rN+ Str+3}
   (You found it on level 3 of the Dungeon)

   Str:       It affects your strength (+3).
   rN:        It protects you from negative energy.
Jewellery
 a - a ring of wizardry
 n - a +4 ring of evasion
Scrolls
 c - 2 scrolls of teleportation
 d - a scroll of blinking
 j - a scroll of fog {unknown}
 o - a scroll of noise {unknown}
Potions
 b - a potion of magic
 e - 2 potions of lignification
 f - 3 potions of heal wounds
 h - 2 potions of degeneration {unknown}
 i - 2 potions of haste {unknown}
 k - a potion of flight {unknown}


   Skills:
 - Level 1.5 Dodging
 - Level 1.5 Stealth
 + Level 2.8 Spellcasting
 + Level 3.2 Conjurations
 * Level 5.3 Fire Magic


You had 7 spell levels left.
You knew the following spells:

 Your Spells              Type           Power      Damage    Failure   Level
a - Foxfire               Conj/Fire      68%        2x1d7     3%          1
b - Scorch                Fire           40%        2d7       3%          2

Your spell library contained the following spells:

 Spells                   Type           Power      Damage    Failure   Level
 Conjure Flame            Conj/Fire      17%        6-21      9%          3
 Slow                     Hex            8%         N/A       19%         1
 Sting                    Tmut/Pois      8%         1d3       19%         1
 Inner Flame              Hex/Fire       11%        N/A       19%         3
 Poisonous Vapours        Pois/Air       4%         N/A       26%         2
 Flame Wave               Conj/Fire      17%        2d6       30%         4
 Confusing Touch          Hex            2%         N/A       47%         3
 Vampiric Draining        Necr           2%         2d6       47%         3
 Olgreb's Toxic Radiance  Pois           2%         N/A       87%         4


Dungeon Overview and Level Annotations

Branches:
Dungeon (4/15)
 Temple: D:4-7

Altars:
Ashenzari

Annotations:
D:2 1 runed translucent door, Crazy Yiuf


Message History

You closely miss the killer bee.
The killer bee is heavily wounded.
The killer bee closely misses you. x2; The killer bee stings you. x2
The killer bee stings you but does no damage.
You conjure some foxfire!
The killer bee stings you. The killer bee misses you.
The killer bee stings you. The killer bee completely misses you.
The killer bee stings you.
You are poisoned.
The killer bee poisons you!
The killer bee stings you but does no damage. x2
The killer bee misses you.
You barely miss the killer bee. You punch the killer bee.
The killer bee is heavily wounded.
You feel sick.
The foxfire hits the killer bee.
The killer bee is lightly wounded.
The foxfire hits the killer bee but does no damage.
The killer bee is lightly wounded.
The killer bee stings you. x2; The killer bee completely misses you.
The killer bee stings you.
The killer bee stings you but does no damage.
The killer bee stings you.
* * * LOW HITPOINT WARNING * * *
You are lethally poisoned!
The killer bee poisons you! The killer bee misses you.
The killer bee stings you but does no damage.
You feel much better.
You feel very sick.
The killer bee stings you. x2; The killer bee stings you!
* * * LOW HITPOINT WARNING * * *
You are more poisoned.
The killer bee poisons you!
The killer bee stings you but does no damage.
The killer bee misses you. The killer bee barely misses you. x3
Blink to where?
Press: ? - help, Dir - move target A kobold and an orc come into view.
As you read the scroll of blinking, it crumbles to dust.
* * * LOW HITPOINT WARNING * * *
You feel very sick.
You die...

# # #. #.. ##..###
#...## .......
.....# .......
.....##
.......#####......
.......@..y#....#
..........y....
......K###y..##
......o #..##
###.### #..# #.
#..# # ##..#
.####...#
........#


You could see 3 killer bees, an orc (asleep) and a kobold (asleep).

Vanquished Creatures
  A scorpion (D:4)
  An orc priest (D:3)
  A hound (D:3)
  Jessica (D:2)
  An iguana (D:4)
  2 adders
  A worm (D:3)
  A dart slug (D:3)
  5 orcs (D:3)
  6 ball pythons
  3 bats
  3 endoplasms
  2 giant cockroaches
  4 goblins
  8 hobgoblins
  10 jackals
  A quokka (D:1)
  2 frilled lizards
  3 kobolds
  4 rats
60 creatures vanquished.

Vanquished Creatures (others)
  138 foxfires
138 creatures vanquished.

Grand Total: 198 creatures vanquished

Notes
Turn   | Place    | Note
-------+----------+-------------------------------------------
     0 | D:1      | Crownlay the Hill Orc Fire Elementalist began the quest for
                  | the Orb.
     0 | D:1      | Reached XP level 1. HP: 14/14 MP: 3/3
   199 | D:1      | Reached XP level 2. HP: 14/20 MP: 0/4
   373 | D:1      | Found a faded altar of an unknown god.
   632 | D:1      | Reached XP level 3. HP: 26/26 MP: 0/6
   924 | D:2      | Learned a level 2 spell: Scorch
  1143 | D:2      | Noticed Jessica
  1151 | D:2      | Killed Jessica
  1152 | D:2      | Reached skill level 4 in Fire Magic
  1152 | D:2      | Reached XP level 4. HP: 16/33 MP: 2/7
  1462 | D:2      | Found a runed translucent door.
  1463 | D:2      | Noticed Crazy Yiuf
  1805 | D:3      | Reached XP level 5. HP: 32/38 MP: 3/8
  2075 | D:3      | Found a broken altar of Ashenzari.
  2083 | D:3      | Became a worshipper of Ashenzari the Shackled
  2578 | D:3      | Identified the +2 robe "Jyxewn" {rN+ Str+3}
  2939 | D:4      | Reached skill level 5 in Fire Magic
  3285 | D:4      | Reached XP level 6. HP: 18/45 MP: 10/10
  3559 | D:4      | Succumbed to a killer bee's poison

Illustrated notes

Levels and vault maps discovered:
D:1:      eino_arrival_water_star, layout_rooms,
          shapermc_ecumenical_altar_flowoftime
D:2:      layout_basic, uniq_crazy_yiuf_cottage, uniq_jessica
D:3:      layout_loops_corners, ashenzari_altar_1
D:4:      layout_loops_ring, elyvilon_altar_5, minitemple,
          minmay_temple_entry_nine_rooms

Skill      XL: |  1  2  3  4  5 |
---------------+----------------+-----
Spellcasting   | 2 |  2.8
Conjurations   | 2 3 |  3.2
Fire Magic     | 4 5 |  5.3
Dodging        | |  1.5
Stealth        | |  1.5

Action                   |  1- 3 |  4- 6 || total
-------------------------+-------+-------++-------
Melee: Unarmed           |     7 |       ||     7
       Dagger            |    19 |     3 ||    22
       Whip              |       |    43 ||    43
       Punch             |       |     2 ||     2
 Cast: Foxfire           |    41 |    41 ||    82
       Scorch            |       |     1 ||     1
Invok: Curse Item        |       |     1 ||     1
  Use: Scroll            |       |     5 ||     5
       Potion            |       |     1 ||     1
Armor: Robe              |     6 |    17 ||    23
Dodge: Dodged            |    23 |    56 ||    79

Table legend: (Time is in decaauts)
 A = Elapsed time spent in this place.
 B = Non-inter-level travel time spent in this place.
 C = Inter-level travel time spent in this place.
 D = Time resting spent in this place.
 E = Time spent auto-exploring this place.
 F = Levels seen in this place.
 G = Mean time per level.
                   A        B        C        D        E       F      G
               +--------+--------+--------+--------+--------+-----+--------+
         Total |   3562 |   3463 |     99 |      0 |   3016 |   4 |  890.5 |
       Dungeon |   3562 |   3463 |     99 |      0 |   3016 |   4 |  890.5 |
               +--------+--------+--------+--------+--------+-----+--------+

Top non-repeatable levels by time:
     D:3: 1395 daAuts
     D:1: 913 daAuts
     D:4: 675 daAuts
     D:2: 577 daAuts
